 Dungeon Crawl Stone Soup version 0.28.0-45-g0d030f2227 (webtiles) character file.

Game seed: 796446898999878091

244 zeratav the Insei (level 6, -11/41 HPs)
             Began as an Octopode Transmuter on Apr 11, 2022.
             Mangled by a gnoll
             ... wielding a +0 halberd
              (17 damage)
             ... on level 4 of the Dungeon.
             The game lasted 00:05:50 (3769 turns).

zeratav the Insei (Octopode Transmuter)             Turns: 3769, Time: 00:05:51

Health: -11/41     AC:  1    Str:  9    XL:     6   Next: 10%
Magic:  2/9        EV: 13    Int: 27    God:
Gold:   125        SH:  0    Dex: 11    Spells: 5/9 levels left

rFire   . . .      SeeInvis .   k - +2 long sword of Aqihummibilu {vorpal, rC++ Dex-4, long}
rCold   + + .      Faith    .   (no shield)
rNeg    . . .      Spirit   .   (helmet restricted)
rPois   .          Reflect  .   (no amulet)
rElec   .          Harm     .   e - +6 ring of intelligence
rCorr   .          Rampage  .   n - +6 ring of intelligence
Will    .....                   (no ring)
Stlth   +++.......              (no ring)
HPRegen 0.13/turn               (no ring)
MPRegen 0.11/turn               (no ring)
                                (no ring)
                                (no ring)

@: no status effects
A: almost no armour, amphibious, 8 rings, camouflage 1, gelatinous body 1,
(nimble swimmer 1), tentacles
a: no special abilities


You were on level 4 of the Dungeon.
You visited 1 branch of the dungeon, and saw 4 of its levels.

You collected 125 gold pieces.


Innate Abilities, Weirdness & Mutations

You cannot wear most types of armour.
You are amphibious.
You can wear up to eight rings at the same time.
Your skin changes colour to match your surroundings (Stealth+).
Your rubbery body absorbs attacks. (AC +1, EV +1)
((You are camouflaged when in or above water. (Stealth+)))
You have tentacles for arms and can constrict up to eight enemies at once.


   Skills:
 + Level 2.6 Fighting
 + Level 3.2 Dodging
 + Level 3.4 Stealth
 * Level 4.8 Unarmed Combat
 - Level 2.0 Spellcasting
 - Level 2.0 Transmutations


You had 5 spell levels left.
You knew the following spells:

 Your Spells              Type           Power      Damage    Failure   Level
a - Beastly Appendage     Tmut           26%        N/A       4%          1
b - Spider Form           Tmut/Pois      8%         N/A       19%         3

Your spell library contained the following spells:

 Spells                   Type           Power      Damage    Failure   Level
 Wereblood                Tmut           13%        N/A       6%          2
 Sublimation of Blood     Necr           2%         N/A       14%         2
 Gell's Gravitas          Tloc           2%         N/A       28%         3
 Teleport Other           Tloc           2%         N/A       28%         3
 Ice Form                 Ice/Tmut       8%         N/A       54%         4
 Petrify                  Tmut/Erth      8%         N/A       54%         4
 Irradiate                Conj/Tmut      4%         3d15      87%         5
 Dispersal                Tloc           1%         N/A       100%        6

Inventory:

Hand Weapons
 k - the +2 long sword of Aqihummibilu (weapon) {vorpal, rC++ Dex-4, long}
   (You found it on level 3 of the Dungeon)

   It inflicts extra damage upon your enemies.
   Dex:       It affects your dexterity (-4).
   rC:        It greatly protects you from cold.
Jewellery
 d - a ring of fire
   (You found it on level 1 of the Dungeon)
 e - a +6 ring of intelligence (left tentacle)
   (You found it on level 1 of the Dungeon)
 n - a +6 ring of intelligence (right tentacle)
   (You found it on level 4 of the Dungeon)
Wands
 m - a wand of acid (13)
   (You found it on level 3 of the Dungeon)
Scrolls
 a - 4 scrolls of identify {unknown}
 b - 2 scrolls of vulnerability {unknown}
 g - a scroll of torment {unknown}
 h - a scroll of teleportation {unknown}
Potions
 c - 3 potions of might {unknown}
 f - a potion of resistance {unknown}
 i - a potion of mutation {unknown}
 j - a potion of attraction {unknown}
 l - a potion of curing {unknown}

Dungeon Overview and Level Annotations

Branches:
Dungeon (4/15)
 Temple: D:4-7

Altars:

Shops:
D:2 [

Annotations:
D:4 Edmund

.[. #.. ..##.##..###
..##..##.##.##.##
.........[#....###
#...##..##......#
.##.......>...#..÷#
.....#......)....<#
.........÷.###....##
...##.......#..gg..#
....#...#.###...@).#
........#..###..#.##
.....##.##.# ##.#.#
........#..## #####
.......gg...#
.....g.|....#
.....##....##
.....#......##
.....#.......###


You could see 2 gnolls.


Message History

You miscast Spider Form.
You are very lightly contaminated with residual magic.
Nothing appears to happen.
The hobgoblin shouts!
You hear a shout!
MP[-3]
You lost 3 mp, and now have 6/9 mp.
Casting: Spider Form (quite dangerous; 19% risk of failure)
Confirm with . or Enter, or press ? or * to list all spells.
The spell is quite dangerous to miscast (19% risk of failure)!
Continue anyway?
You miscast Spider Form.
Nothing appears to happen.
The gnoll shouts!
MP[-3]
You lost 3 mp, and now have 3/9 mp.
Casting: Spider Form (quite dangerous; 19% risk of failure)
Confirm with . or Enter, or press ? or * to list all spells.
The spell is quite dangerous to miscast (19% risk of failure)!
Continue anyway?
You turn into a venomous arachnid creature.
The +2 long sword of Aqihummibilu {vorpal, rC++ Dex-4, long} melds into your body.
A gnoll comes into view. It is wielding a +0 halberd.
MP[-3]
You lost 3 mp, and now have 0/9 mp.
Your transformation is almost over.
MP[+1]
You barely miss the hobgoblin. You hit the hobgoblin. The hobgoblin misses you.
You hit the hobgoblin.
You kill the hobgoblin!
The gnoll misses you.
Your transformation has ended.
The +2 long sword of Aqihummibilu {vorpal, rC++ Dex-4, long} unmelds from your body.
Your magical contamination has completely faded away.
MP[+1] MP[+1]
Things that are here:
a +0 dagger {short}; a kobold skeleton The gnoll hits you from afar with a +0 spear.
HP[-4]
You take 4 damage, and now have 37/41 hp.
HP[+1] MP[+1]
Casting: Spider Form (quite dangerous; 19% risk of failure)
Confirm with . or Enter, or press ? or * to list all spells.
The spell is quite dangerous to miscast (19% risk of failure)!
Continue anyway?
You turn into a venomous arachnid creature.
The +2 long sword of Aqihummibilu {vorpal, rC++ Dex-4, long} melds into your body.
MP[-3]
You lost 3 mp, and now have 1/9 mp.
The gnoll misses you. The gnoll hits you with a +0 spear!
The gnoll closely misses you.
HP[-9]
You take 9 damage, and now have 29/41 hp.
MASSIVE DAMAGE!! (PAUSE)
You hit the gnoll but do no damage. The gnoll misses you.
You barely miss the gnoll. The gnoll hits you but does no damage.
The gnoll barely misses you.
You bite the gnoll!
The gnoll is poisoned.
Your transformation is almost over.
The gnoll completely misses you.
You barely miss the gnoll. The gnoll misses you.
The gnoll completely misses you.
The gnoll shouts!
You hit the gnoll.
You kill the gnoll!
The gnoll closely misses you.
MP[+1]
You hit the gnoll.
The gnoll hits you from afar with a +0 spear.
HP[-4]
You take 4 damage, and now have 25/41 hp.
You hit the gnoll.
The gnoll is poisoned.
The gnoll misses you. The gnoll closely misses you. The gnoll misses you.
You barely miss the gnoll. The gnoll completely misses you.
The gnoll misses you. x2
You hit the gnoll but do no damage.
The gnoll looks as sick as possible!
The gnoll barely misses you. The gnoll closely misses you. x2
HP[+1]
You bite the gnoll!
The gnoll looks as sick as possible!
The gnoll hits you with a +0 club!
* * * LOW HITPOINT WARNING * * *
The gnoll misses you. The gnoll completely misses you.
HP[-7]
You take 7 damage, and now have 19/41 hp.
You barely miss the gnoll.
You kill the gnoll!
The gnoll completely misses you. The gnoll closely misses you.
The gnoll hits you with a +0 halberd.
* * * LOW HITPOINT WARNING * * *
The gnoll completely misses you.
There is a stone staircase leading up here.
HP[-5]
You take 5 damage, and now have 14/41 hp.
You hit the gnoll but do no damage.
The gnoll is poisoned.
The gnoll barely misses you.
You hit the gnoll.
The gnoll looks as sick as possible!
Your transformation has ended.
The +2 long sword of Aqihummibilu {vorpal, rC++ Dex-4, long} unmelds from your body.
The gnoll hits you with a +0 spear!
* * * LOW HITPOINT WARNING * * *
The gnoll hits you with a +0 halberd!
You die...

Skill      XL: |  1  2  3  4  5 |
---------------+----------------+-----
Stealth        | 1 2 3 |  3.4
Unarmed Combat | 4 |  4.8
Fighting       | 2 |  2.6
Dodging        | 3 |  3.2
Spellcasting   | |  2.0
Transmutations | |  2.0

Action                   |  1- 3 |  4- 6 || total
-------------------------+-------+-------++-------
Melee: Unarmed           |    39 |    67 ||   106
       Kick              |    16 |    22 ||    38
       Constrict         |     9 |    20 ||    29
       Tentacles         |     3 |     9 ||    12
       Punch             |     1 |     5 ||     6
       Long sword        |       |    31 ||    31
 Cast: Beastly Appendage |    17 |    19 ||    36
       Spider Form       |       |     4 ||     4
 Stab: Sleeping          |     4 |     6 ||    10
Armor: Skin              |     3 |     6 ||     9
Dodge: Dodged            |    20 |    78 ||    98

Levels and vault maps discovered:
D:1:      scummos_arrival_gate, layout_loops_ring
D:2:      layout_loops_ring, serial_shops, shop, uniq_jessica
D:3:      layout_loops_ring, minmay_crystal_room, minmay_misc_feat_x
D:4:      layout_cave_pools, lemuel_crystal_altar,
          mainiacjoe_overflow_catwalk_spiral, minivault_4, uniq_edmund

Notes
Turn   | Place    | Note
-------+----------+-------------------------------------------
     0 | D:1      | zeratav the Octopode Transmuter began the quest for the
                  | Orb.
     0 | D:1      | Reached XP level 1. HP: 13/13 MP: 3/3
     0 | D:1      | magus.rc [v1.9.6]
   222 | D:1      | Reached XP level 2. HP: 15/18 MP: 5/5
   407 | D:1      | Reached skill level 1 in Stealth
   987 | D:2      | Found Arhupt's Antique Armour Shoppe.
  1072 | D:2      | Noticed Jessica
  1082 | D:2      | Reached XP level 3. HP: 23/23 MP: 4/6
  1087 | D:2      | Killed Jessica
  1098 | D:2      | Learned a level 3 spell: Spider Form
  1207 | D:2      | Reached skill level 2 in Stealth
  1277 | D:2      | You fall into a shaft and drop 1 floor!
  1283 | D:3      | Reached XP level 4. HP: 22/29 MP: 5/7
  1600 | D:2      | You add the spells Gell's Gravitas, Teleport Other and
                  | Dispersal to your library.
  1637 | D:2      | Reached skill level 4 in Unarmed Combat
  1641 | D:2      | Reached skill level 2 in Fighting
  2153 | D:2      | Reached XP level 5. HP: 34/34 MP: 6/8
  2575 | D:3      | Identified the +2 long sword of Aqihummibilu {vorpal, rC++
                  | Dex-4}
  2623 | D:3      | Reached skill level 3 in Stealth
  2976 | D:3      | You pick up a book of Alchemy and begin reading...
  2976 | D:3      | You add the spells Sublimation of Blood, Petrify and
                  | Irradiate to your library.
  3259 | D:4      | HP: 8/35 [adder (2)]
  3261 | D:4      | Reached skill level 3 in Dodging
  3264 | D:4      | HP: 3/35 [poisoned by an adder]
  3266 | D:4      | HP: 1/35 [poisoned by an adder]
  3585 | D:4      | Noticed Edmund
  3689 | D:4      | Reached XP level 6. HP: 39/41 MP: 7/9
  3769 | D:4      | HP: 6/41 [gnoll/+0 spear (8)]
  3769 | D:4      | Mangled by a gnoll

Vanquished Creatures
  A centaur skeleton (D:4)
  Jessica (D:2)
  An orc wizard (D:3)
  A hound skeleton (D:4)
  3 adders
  6 gnolls
  2 worms (D:2)
  A dart slug (D:2)
  7 orcs
  4 bats
  6 endoplasms
  A giant cockroach (D:3)
  2 goblins
  7 hobgoblins
  7 ball pythons
  A frilled lizard (D:2)
  4 kobolds
  3 rats
58 creatures vanquished.

Table legend:
 A = Non-vault XP
 B = Vault XP
 C = Vault XP percentage of total XP
 D = Non-vault monster count
 E = Vault monster count
 F = Vault count percentage of total count
                 A         B        C        D         E       F
            +---------+---------+-------+---------+---------+-------
      Total |     312 |      37 |  10.6 |      57 |       1 |   1.7
            +---------+---------+-------+---------+---------+-------
        D:1 |      19 |       0 |   0.0 |      11 |       0 |   0.0
        D:2 |     108 |      37 |  25.5 |      22 |       1 |   4.3
        D:3 |      64 |       0 |   0.0 |      13 |       0 |   0.0
        D:4 |     121 |       0 |   0.0 |      11 |       0 |   0.0
            +---------+---------+-------+---------+---------+-------

Illustrated notes

Table legend:
 A = Kills in this place as a percentage of kills in entire the game.
 B = Kills by you in this place as a percentage of kills by you in the entire game.
 C = Kills by friends in this place as a percentage of kills by friends in the entire game.
 D = Other kills in this place as a percentage of other kills in the entire game.
 E = Experience gained in this place as a percentage of experience gained in the entire game.
 F = Experience gained in this place divided by the number of levels of this place that you have seen.
                   A       B       C       D       E      F
               +-------+-------+-------+-------+-------+----------------------
         Total | 100.0 | 100.0 |   N/A |   N/A | 100.0 |  87.2
       Dungeon | 100.0 | 100.0 |   N/A |   N/A | 100.0 |  87.2
               +-------+-------+-------+-------+-------+----------------------

Table legend: (Time is in decaauts)
 A = Elapsed time spent in this place.
 B = Non-inter-level travel time spent in this place.
 C = Inter-level travel time spent in this place.
 D = Time resting spent in this place.
 E = Time spent auto-exploring this place.
 F = Levels seen in this place.
 G = Mean time per level.
                   A        B        C        D        E       F      G
               +--------+--------+--------+--------+--------+-----+--------+
         Total |   3773 |   3591 |    182 |    855 |   2229 |   4 |  943.2 |
       Dungeon |   3773 |   3591 |    182 |    855 |   2229 |   4 |  943.2 |
               +--------+--------+--------+--------+--------+-----+--------+

Top non-repeatable levels by time:
     D:3: 1374 daAuts
     D:2: 1090 daAuts
     D:1: 985 daAuts
     D:4: 323 daAuts
